Map: Stargazers

Players

Bunny - Winner!

  • Race: Terran Terran
  • Spawn Location: 11:00

Reaper

  • Race: Zerg Zerg
  • Spawn Location: 1:00

Event: DreamHack SC2 Masters 2022 Atlanta (Offline)

VOD

Have the link to the VOD?

Description

Time

  • Played on: Nov. 18, 2022, 10:11 a.m.
  • Length: 8:48

All games in this series

Show
View Real Time Build Order
Export as new Build Order

Bunny Terran - Winner!

Build Orders: Reaper Expand, Hellion Banshee 

Get SALT Encoding   

  12  0:00  SCV  
  13  0:12  SCV  
  14  0:17  Supply Depot  
  14  0:24  SCV  
  15  0:39  SCV  
  15  0:40  Barracks  
  16  0:42  Refinery  
  16  0:51  SCV  
  17  1:03  SCV  
  18  1:15  SCV  
  19  1:27  Reaper, Orbital Command  
  20  1:39  Command Center  
  20  1:47  Supply Depot  
  20  1:53  SCV  
  21  1:58  Marine  
  22  2:05  SCV  
  23  2:08  Factory  
  23  2:18  SCV  
  23  2:19  Barracks Reactor, Refinery  
  24  2:31  SCV  
  25  2:45  SCV  
  25  2:51  Orbital Command  
  26  2:55  Starport  
  26  2:57  SCV  
  27  3:07  Hellion x2  
  27  3:09  SCV, Barracks Tech Lab  
  32  3:17  SCV  
  33  3:21  SCV  
  34  3:28  Hellion x2  
  34  3:32  SCV  
  34  3:33  SCV  
  40  3:35  Supply Depot  
  40  3:37  Banshee, Cloaking Field  
  40  3:39  Barracks Tech Lab  
  42  3:44  SCV  
  42  3:45  SCV  
  44  3:49  Hellion  
  46  3:57  SCV x2, Hellion  
  46  3:58  Supply Depot, Marine  
  46  4:00  Stimpack  
  51  4:09  SCV x2  
  53  4:21  SCV x2  
  55  4:25  Banshee  
  58  4:32  Command Center  
  58  4:33  SCV x2  
  58  4:37  Barracks  
  60  4:41  Supply Depot  
  60  4:43  Barracks  
  60  4:44  Factory Reactor  
  60  4:46  SCV x2  
  62  4:57  Supply Depot  
  62  4:58  Supply Depot  
  62  5:03  SCV x2, Marine  
  65  5:12  Refinery  
  65  5:13  Refinery  
  65  5:20  Starport Reactor  
  65  5:23  SCV x2  
  65  5:24  Engineering Bay  
  65  5:25  Engineering Bay  
  65  5:26  Marine x2  
  65  5:27  Marine  
  70  5:32  Barracks  
  70  5:33  Barracks  
  70  5:39  Siege Tank  
  70  5:41  SCV  
  70  5:42  SCV  
  75  5:46  Marine x5  
  80  5:55  Combat Shield  
  80  5:59  Medivac x2  
  84  6:09  Marine x2  
  86  6:13  Marine x3  
  86  6:16  Siege Tank  
  90  6:18  Terran Infantry Weapons Level 1  
  90  6:19  Terran Infantry Armor Level 1, Orbital Command  
  90  6:23  SCV x2  
  90  6:24  Barracks Reactor x2  
  92  6:27  Marine  
  92  6:29  Missile Turret  
  92  6:31  Missile Turret  
  89  6:33  Marine  
  89  6:34  Missile Turret, Marine x3  
  89  6:39  Medivac  
  89  6:44  Medivac  
  89  6:45  Marine  
  92  6:50  Orbital Command  
  92  6:51  Marine  
  92  6:52  Marine x3  
  95  6:55  Siege Tank  
  95  7:00  Marine x2  
  95  7:01  Marine  
  101  7:07  Supply Depot  
  101  7:13  Supply Depot  
  101  7:16  Supply Depot  
  101  7:27  SCV  
  101  7:28  Marine x8  
  101  7:29  SCV  
  109  7:34  Marine  
  109  7:36  Medivac  
  111  7:39  Medivac  
  111  7:42  Widow Mine  
  111  7:43  Missile Turret  
  115  7:46  SCV, Marine x6  
  115  7:47  SCV x2  
  124  7:54  Marine  
  125  7:59  Supply Depot, Marine x2  
  125  8:00  Armory  
  125  8:04  Marine x5  
  132  8:18  Widow Mine  
  132  8:22  Marine  
  132  8:23  Marine x6  
  132  8:24  Marine x2  
  141  8:32  Supply Depot x2  
  141  8:33  Supply Depot  
Show
View Real Time Build Order
Export as new Build Order

Reaper Zerg 

Build Orders: Hatch First 

Get SALT Encoding   

  12  0:00  Drone  
  13  0:12  Overlord  
  13  0:17  Drone  
  14  0:30  Drone x2  
  16  0:48  Hatchery  
  15  0:51  Drone  
  15  0:55  Drone  
  17  0:59  Drone  
  18  1:09  Extractor  
  17  1:14  Spawning Pool  
  17  1:17  Drone  
  17  1:20  Drone  
  18  1:28  Drone  
  19  1:38  Drone  
  20  1:50  Overlord  
  20  2:00  Queen x2  
  24  2:01  Zergling x4  
  26  2:11  Drone  
  26  2:12  Metabolic Boost, Drone  
  28  2:22  Drone x2  
  30  2:35  Extractor  
  28  2:43  Queen x2  
  32  2:44  Overlord  
  32  2:45  Drone  
  32  2:50  Overlord  
  33  2:51  Zergling x2  
  33  2:56  Drone  
  35  3:05  Spore Crawler  
  36  3:12  Drone  
  36  3:13  Drone x2  
  36  3:18  Drone  
  36  3:19  Drone x5  
  44  3:22  Drone  
  44  3:33  Drone x2  
  44  3:34  Drone  
  47  3:41  Baneling Nest  
  46  3:46  Hatchery  
  45  3:51  Lair  
  45  3:58  Drone x3  
  45  3:59  Extractor  
  45  4:01  Overlord  
  47  4:09  Drone x4  
  51  4:17  Overlord  
  51  4:21  Zergling x6, Extractor  
  51  4:22  Extractor  
  52  4:26  Baneling x2, Drone x4  
  52  4:30  Overlord  
  56  4:33  Spore Crawler  
  56  4:35  Spore Crawler  
  54  4:47  Drone  
  54  4:48  Drone x2  
  54  4:49  Drone  
  54  4:51  Zergling x2, Spire  
  58  4:54  Overlord  
  58  5:08  Zergling x4  
  58  5:09  Zergling x4  
  58  5:10  Overlord  
  62  5:17  Queen  
  63  5:33  Drone x3  
  66  5:36  Drone  
  66  5:37  Overlord  
  66  5:40  Overseer  
  66  5:52  Spore Crawler  
  64  5:57  Overlord  
  64  6:02  Mutalisk x7  
  74  6:16  Queen x2  
  73  6:23  Mutalisk x2  
  73  6:25  Overlord  
  77  6:29  Hatchery  
  77  6:30  Drone  
  77  6:31  Drone x6  
  81  6:38  Centrifugal Hooks  
  81  6:41  Drone  
  81  6:44  Overlord  
  82  6:49  Mutalisk  
  82  6:50  Zergling x6  
  87  7:00  Zergling x6  
  90  7:02  Baneling x4  
  90  7:09  Baneling  
  90  7:10  Baneling  
  90  7:11  Zergling x2  
  90  7:12  Zergling x4  
  93  7:16  Overlord  
  93  7:18  Mutalisk  
  93  7:20  Queen x2  
  99  7:28  Overlord  
  97  7:31  Mutalisk  
  97  7:33  Baneling x4  
  95  7:40  Zergling x2  
  95  7:41  Zergling x12  
  95  7:43  Zergling x2  
  103  7:57  Mutalisk x2  
  107  8:00  Zergling x2  
  107  8:06  Hatchery  
  107  8:11  Mutalisk  
  107  8:12  Mutalisk  
  110  8:13  Zergling x2  
  111  8:23  Mutalisk  
  111  8:24  Zergling x2  
Tags
 
Add a new tag
Caveats
  • Supply blocks, unpowered buildings, or Contaminate may cause inaccurate times.
  • Supply counts are checked every 10 seconds.